AoeStats
← SedateBeast

Black Forest

505201294Analyzed
3v3 RM · 25d ago on Sep 8, 2026· 42m 15s· 6 players
Game mode
Random Map
Map size
Normal (6 player)
Population
200
Speed
Normal
Resources
Standard
Victory
Conquest
Starting age
Dark Age
Ending age
Imperial Age
RankedLock teamsTeams togetherTeam positionsShared explorationLock speedFull tech treeHidden civsTurbo modeCheats
Victory
Defeat
🇦🇺 Khmer · Australia
885
+9
🇦🇺 Turks · Australia
848
+10
🇦🇺 Georgians · Australia
789
+13
🇦🇿 Turks · Azerbaijan
746
-12
🇦🇿 Chinese · Azerbaijan
740
-11
🇩🇪 Franks · Germany
669
-9
Cebel-i Kebir
0:47 Loom
12:19 Feudal Age
12:51 Double-Bit Axe
13:46 Gold Mining
18:11 Stone Mining
22:56 Castle Age
25:47 Bow Saw
26:09 Husbandry
33:39 Imperial Age
33:55 Gold Shaft Mining
34:07 Wheelbarrow
33:17 Town Watch
34:22 Town Patrol
36:25 Cavalier
Vladika_astadb
11:10 Feudal Age
11:46 Loom
11:57 Double-Bit Axe
12:48 Horse Collar
20:38 Castle Age
21:58 Wheelbarrow
21:39 Heavy Plow
21:55 Bow Saw
24:14 Heavy Plow
24:22 Stone Mining
26:05 Forging
25:46 Fletching
26:36 Hand Cart
26:07 Town Watch
26:56 Gold Mining
29:12 Town Patrol
29:18 Caravan
34:36 Imperial Age
34:56 Iron Casting
34:16 Bodkin Arrow
35:40 Conscription
35:21 Artillery
34:48 Elite Janissary
35:31 Squires
36:16 Scale Barding Armor
37:11 Blast Furnace
39:32 Husbandry
39:43 Bloodlines
39:58 Chain Barding Armor
cavid5668
13:30 Feudal Age
14:37 Double-Bit Axe
15:11 Horse Collar
19:17 Wheelbarrow
19:35 Gold Mining
22:09 Stone Mining
26:12 Castle Age
25:15 Fletching
25:26 Padded Archer Armor
28:00 Hand Cart
29:57 Bodkin Arrow
30:18 Leather Archer Armor
32:54 Coinage
32:33 Caravan
34:28 Bow Saw
35:32 Gold Shaft Mining
35:33 Ballistics
38:29 Imperial Age
36:41 Fortified Wall
39:42 Conscription
40:35 Leather Archer Armor
40:21 Bracer
41:25 Pikeman
Ghost_snyp3r
14:26 Feudal Age
14:49 Man-at-Arms
19:25 Wheelbarrow
19:11 Arson
26:10 Castle Age
25:41 Scale Barding Armor
25:47 Forging
25:42 Scale Mail Armor
27:34 Hand Cart
28:57 Pikeman
29:48 Long Swordsman
30:35 Squires
30:21 Gambesons
31:26 Double-Bit Axe
31:31 Gold Mining
32:01 Horse Collar
33:56 Chain Mail Armor
42:21 Imperial Age
40:08 Husbandry
40:20 Bloodlines
Dank Stankums
10:41 Feudal Age
12:09 Horse Collar
12:16 Double-Bit Axe
17:42 Castle Age
19:45 Heavy Plow
20:41 Padded Archer Armor
23:10 Bow Saw
29:53 Wheelbarrow
29:36 Leather Archer Armor
30:42 Scale Mail Armor
30:48 Scale Barding Armor
30:56 Forging
33:21 Imperial Age
31:08 Hand Cart
30:41 Loom
32:06 Chain Barding Armor
32:32 Husbandry
32:44 Bloodlines
34:00 Iron Casting
33:41 Elite Janissary
34:44 Conscription
34:34 Artillery
42:09 Blast Furnace
41:45 Plate Barding Armor
42:14 Two-Man Saw
41:18 Caravan
41:10 Town Watch
SedateBeast
12:26 Feudal Age
12:52 Horse Collar
13:00 Double-Bit Axe
17:38 Castle Age
19:37 Gold Mining
20:34 Bow Saw
22:08 Wheelbarrow
22:42 Scale Barding Armor
24:26 Tusk Swords
26:17 Chain Barding Armor
29:47 Forging
30:47 Hand Cart
30:19 Loom
30:21 Town Watch
31:24 Husbandry
31:35 Bloodlines
32:45 Masonry
32:32 Murder Holes
34:15 Iron Casting
33:42 Scale Mail Armor
33:35 Fletching
37:00 Chain Mail Armor
36:41 Bodkin Arrow
37:14 Ballistics
36:46 Guard Tower
37:10 Fortified Wall
41:49 Imperial Age
Connection lost

Rejoining the realm…

Still unreachable

The connection could not be restored.

Session expired

The server has moved on; the page needs a fresh start.